Map: Deathaura LE

Players

HellraiseR - Winner!

  • Race: Protoss Protoss
  • League: Master
  • Spawn Location: 5:00

ShaDoWn

  • Race: Protoss Protoss
  • Spawn Location: 11:00

Event: DreamHack SC2 Masters 2020 Winter

VOD

Have the link to the VOD?

Description

Time

  • Played on: Oct. 24, 2020, 12:16 p.m.
  • Length: 16:49

All games in this series

Show
View Real Time Build Order
Export as new Build Order

HellraiseR Protoss - Winner!

Build Orders:  

Get SALT Encoding   

  12  0:00  Probe  
  13  0:12  Probe  
  14  0:17  Pylon  
  14  0:24  Probe (Chrono Boost)  
  15  0:37  Gateway, Probe (Chrono Boost)  
  16  0:43  Probe (Chrono Boost)  
  16  0:46  Assimilator  
  17  0:51  Probe  
  17  0:54  Assimilator  
  18  1:03  Probe  
  19  1:11  Gateway  
  19  1:15  Probe (Chrono Boost)  
  20  1:23  Cybernetics Core  
  21  1:27  Probe (Chrono Boost)  
  21  1:32  Probe (Chrono Boost)  
  21  1:36  Pylon  
  22  1:42  Probe  
  24  1:54  Probe  
  24  2:00  Adept  
  24  2:01  Warp Gate, Adept  
  28  2:06  Probe  
  29  2:15  Pylon  
  29  2:30  Stalker  
  29  2:33  Stalker  
  33  2:55  Nexus  
  33  2:56  Probe  
  34  3:05  Sentry x2  
  38  3:09  Shield Battery  
  38  3:11  Probe  
  39  3:26  Pylon  
  39  3:27  Twilight Council  
  39  3:37  Shield Battery  
  39  3:44  Probe  
  40  3:51  Stalker x2  
  44  3:56  Probe (Chrono Boost)  
  43  4:06  Blink  
  43  4:08  Probe x2 (Chrono Boost)  
  45  4:14  Stalker  
  45  4:17  Probe (Chrono Boost)  
  48  4:21  Probe (Chrono Boost)  
  48  4:24  Probe (Chrono Boost)  
  51  4:33  Probe (Chrono Boost)  
  51  4:34  Probe (Chrono Boost)  
  51  4:36  Forge  
  51  4:38  Stalker, Probe (Chrono Boost)  
  54  4:41  Stalker  
  54  4:42  Probe  
  56  4:47  Probe  
  56  4:50  Pylon  
  57  4:53  Phoenix  
  57  4:56  Probe  
  57  4:59  Probe  
  59  5:02  Pylon  
  59  5:09  Protoss Ground Weapons Level 1 (Chrono Boost)  
  59  5:10  Nexus  
  59  5:12  Probe  
  59  5:18  Probe  
  60  5:23  Stalker  
  60  5:25  Stalker  
  60  5:28  Probe  
  65  5:31  Probe  
  66  5:36  Photon Cannon  
  68  5:51  Gateway  
  68  5:53  Gateway  
  68  5:55  Gateway  
  66  5:57  Gateway  
  66  6:01  Stalker x2  
  66  6:02  Probe  
  66  6:03  Probe  
  72  6:08  Assimilator  
  72  6:14  Probe  
  72  6:15  Probe  
  72  6:17  Robotics Facility  
  74  6:19  Charge  
  74  6:25  Stalker x2  
  78  6:30  Photon Cannon  
  80  6:32  Probe (Chrono Boost)  
  80  6:34  Probe (Chrono Boost)  
  80  6:35  Probe (Chrono Boost)  
  81  6:43  Probe x2 (Chrono Boost)  
  81  6:46  Probe (Chrono Boost)  
  84  6:48  Probe x2 (Chrono Boost), Protoss Ground Weapons Level 2 (Chrono Boost)  
  86  6:55  Stalker x3, Probe  
  86  6:59  Pylon  
  86  7:00  Pylon  
  93  7:04  Pylon  
  93  7:09  Gateway  
  93  7:13  Gateway  
  93  7:15  Pylon  
  93  7:17  Observer  
  93  7:18  Probe  
  93  7:19  Probe  
  95  7:25  Probe  
  95  7:28  Nexus  
  96  7:32  Dark Shrine  
  96  7:35  Assimilator  
  96  7:39  Probe  
  96  7:40  Warp Prism (Chrono Boost)  
  99  7:47  Stalker x2  
  99  7:48  Probe x2  
  106  7:51  Probe  
  106  7:59  Photon Cannon  
  106  8:00  Probe x2  
  106  8:04  Zealot x2  
  106  8:05  Zealot x2  
  116  8:07  Probe  
  116  8:11  Observer  
  116  8:12  Probe  
  119  8:17  Stalker x3  
  125  8:25  Pylon x2  
  125  8:28  Pylon  
  125  8:32  Pylon  
  125  8:40  Probe  
  125  8:41  Probe x2  
  128  8:56  Zealot x8  
  142  9:03  Probe  
  123  9:10  Protoss Ground Weapons Level 3 (Chrono Boost)  
  115  9:20  Nexus  
  115  9:21  Pylon  
  115  9:22  Stalker x8  
  115  9:23  Probe  
  132  9:27  Observer  
  133  9:33  Photon Cannon  
  133  9:36  Shield Battery  
  133  9:40  Shadow Stride (Chrono Boost)  
  133  9:41  Pylon  
  133  9:45  Zealot x4  
  133  9:46  Photon Cannon  
  133  9:47  Shield Battery  
  133  9:49  Dark Templar x2  
  133  9:50  Dark Templar, Zealot  
  149  9:59  Probe  
  150  10:00  Probe  
  150  10:02  Probe  
  152  10:11  Zealot x3  
  152  10:12  Zealot x2  
  162  10:15  Probe  
  162  10:16  Observer  
  162  10:30  Probe  
  162  10:32  Stalker x7  
  162  10:33  Probe x2  
  162  10:35  Probe x2  
  163  10:38  Observer  
  150  10:43  Stalker  
  146  10:51  Probe  
  146  10:56  Stalker x4  
  151  11:00  Photon Cannon  
  151  11:01  Stalker  
  151  11:03  Zealot x2, Shield Battery  
  153  11:06  Pylon  
  153  11:09  Photon Cannon, Probe  
  154  11:15  Observer  
  146  11:21  Stalker x3  
  146  11:25  Probe  
  146  11:27  Probe  
  146  11:30  Zealot x3  
  146  11:31  Zealot x2  
  158  11:36  Observer, Probe x3  
  158  11:38  Photon Cannon  
  162  11:40  Photon Cannon  
  162  11:41  Photon Cannon x2  
  162  11:42  Photon Cannon, Pylon  
  162  11:44  Zealot x2, Shield Battery  
  162  11:45  Zealot  
  162  11:46  Pylon  
  167  11:48  Probe  
  167  11:49  Protoss Ground Armor Level 1 (Chrono Boost)  
  167  11:52  Probe x3  
  167  11:53  Assimilator  
  172  11:54  Probe  
  172  11:55  Assimilator  
  172  11:59  Nexus  
  172  12:01  Zealot x4  
  178  12:12  Stalker  
  178  12:13  Stalker x3  
  178  12:15  Pylon  
  180  12:26  Probe  
  164  12:33  Zealot x4  
  164  12:34  Probe  
  157  12:38  Dark Templar x3  
  157  12:39  Probe  
  157  12:40  Probe  
  157  12:42  Probe x2  
  157  12:43  Gateway x2  
  157  12:44  Gateway  
  163  12:45  Gateway  
  163  12:46  Stalker  
  163  12:51  Probe  
  166  12:53  Shield Battery x2  
  166  12:56  Stalker x4, Photon Cannon  
  174  12:58  Pylon  
  174  13:06  Observer  
  174  13:12  Photon Cannon  
  175  13:14  Unknown  
  174  13:25  Dark Templar x4, Zealot x4  
  176  13:28  Probe  
  176  13:29  Probe  
  176  13:32  Probe  
  173  13:36  Probe x2  
  163  13:47  Stalker x7  
  171  13:49  Probe  
  171  13:50  Protoss Shields Level 1 (Chrono Boost), Probe  
  171  13:56  Zealot  
  171  13:57  Zealot x4  
  171  13:59  Probe  
  182  14:04  Gateway  
  182  14:05  Gateway  
  182  14:07  Photon Cannon  
  182  14:08  Pylon  
  182  14:09  Observer  
  171  14:18  Nexus  
  171  14:19  Pylon  
  171  14:21  Stalker x2, Zealot x10  
  181  14:25  Stalker x2  
  181  14:26  Stalker x9  
  181  14:29  Probe  
  181  14:30  Probe x2  
  178  14:32  Unknown  
  169  14:41  Photon Cannon  
  169  14:42  Photon Cannon  
  169  14:44  Shield Battery  
  170  14:47  Stalker  
  170  14:48  Stalker x3  
  170  14:49  Stalker x6  
  188  14:55  Pylon  
  188  14:57  Shield Battery  
  188  14:59  Immortal (Chrono Boost)  
  184  15:24  Stalker x8  
  172  15:43  Stalker x6  
  158  15:52  Stalker x8  
  156  16:07  Stalker x4  
  156  16:08  Stalker x2  
  152  16:15  Stalker x8  
Show
View Real Time Build Order
Export as new Build Order

ShaDoWn Protoss 

Build Orders: Oracle Opening 

Get SALT Encoding   

  12  0:00  Probe  
  13  0:12  Probe  
  14  0:17  Pylon  
  14  0:24  Probe  
  15  0:36  Probe (Chrono Boost)  
  15  0:38  Gateway  
  16  0:48  Probe (Chrono Boost)  
  17  0:50  Assimilator  
  17  0:52  Probe (Chrono Boost)  
  18  1:02  Pylon  
  18  1:03  Probe  
  19  1:07  Assimilator  
  19  1:15  Probe (Chrono Boost)  
  20  1:19  Gateway  
  20  1:27  Cybernetics Core, Probe (Chrono Boost)  
  21  1:33  Probe (Chrono Boost)  
  21  1:39  Pylon  
  22  1:41  Probe  
  23  1:57  Probe  
  24  2:03  Warp Gate  
  24  2:06  Adept x2  
  28  2:09  Probe  
  28  2:15  Pylon  
  29  2:21  Probe  
  30  2:26  Stargate  
  29  2:37  Adept x2  
  33  3:01  Nexus  
  33  3:12  Pylon  
  33  3:15  Probe  
  33  3:16  Oracle (Chrono Boost)  
  35  3:27  Probe  
  35  3:31  Pylon  
  35  3:32  Pylon  
  36  3:39  Probe  
  36  3:40  Shield Battery  
  37  3:49  Shield Battery  
  37  3:51  Probe  
  37  3:53  Stalker  
  38  4:03  Probe  
  38  4:08  Twilight Council  
  39  4:11  Sentry  
  39  4:14  Probe (Chrono Boost)  
  39  4:15  Forge  
  39  4:16  Probe (Chrono Boost)  
  41  4:26  Probe (Chrono Boost)  
  41  4:28  Probe (Chrono Boost)  
  41  4:30  Stalker  
  45  4:33  Probe (Chrono Boost)  
  45  4:34  Probe (Chrono Boost)  
  46  4:41  Probe (Chrono Boost)  
  46  4:43  Probe (Chrono Boost)  
  46  4:46  Blink, Protoss Ground Weapons Level 1 (Chrono Boost)  
  46  4:53  Probe (Chrono Boost)  
  46  4:59  Assimilator  
  48  5:00  Probe (Chrono Boost)  
  48  5:01  Probe (Chrono Boost)  
  48  5:04  Shield Battery  
  48  5:06  Stalker, Probe (Chrono Boost)  
  52  5:07  Probe  
  53  5:16  Stalker  
  53  5:18  Probe  
  53  5:19  Probe  
  57  5:30  Probe  
  57  5:32  Stalker  
  60  5:36  Gateway x2  
  61  5:42  Probe  
  61  5:43  Probe  
  62  5:51  Nexus  
  62  5:53  Pylon  
  62  5:57  Pylon  
  62  6:11  Stalker, Gateway, Probe, Sentry  
  63  6:12  Shield Battery  
  63  6:14  Probe  
  68  6:23  Probe  
  69  6:26  Probe  
  69  6:28  Robotics Facility  
  69  6:31  Stalker x2  
  74  6:37  Stalker, Pylon  
  77  6:41  Stalker  
  77  6:46  Protoss Ground Weapons Level 2 (Chrono Boost)  
  78  6:55  Probe x2 (Chrono Boost)  
  78  6:56  Stalker x2  
  84  7:01  Stalker  
  84  7:03  Probe (Chrono Boost)  
  84  7:07  Stalker  
  91  7:13  Probe x2 (Chrono Boost)  
  91  7:14  Probe (Chrono Boost)  
  91  7:15  Assimilator  
  92  7:19  Probe (Chrono Boost)  
  92  7:20  Probe x2 (Chrono Boost)  
  92  7:22  Assimilator  
  93  7:23  Assimilator  
  93  7:30  Probe  
  93  7:31  Pylon, Probe x2  
  93  7:32  Observer  
  97  7:37  Stalker, Gateway  
  97  7:38  Gateway  
  97  7:42  Probe  
  97  7:43  Probe  
  101  7:49  Probe  
  101  7:50  Stalker x2, Dark Shrine  
  106  7:53  Pylon  
  106  7:55  Probe  
  107  8:04  Stalker  
  109  8:09  Nexus  
  109  8:12  Pylon  
  109  8:20  Pylon  
  109  8:22  Stalker x3  
  109  8:23  Pylon  
  115  8:32  Shield Battery  
  115  8:33  Probe x3  
  118  8:34  Photon Cannon  
  118  8:44  Stalker x3  
  118  8:45  Probe  
  125  8:55  Stalker x4  
  116  9:12  Probe x2  
  116  9:13  Probe  
  116  9:15  Stalker x3  
  119  9:33  Dark Templar x3  
  119  9:34  Dark Templar  
  119  9:35  Nexus  
  127  9:40  Pylon  
  127  9:41  Dark Templar, Shadow Stride (Chrono Boost)  
  129  9:52  Stalker x2, Protoss Ground Weapons Level 3 (Chrono Boost)  
  133  9:57  Pylon  
  134  10:09  Probe  
  134  10:11  Stalker x3  
  134  10:13  Shield Battery  
  140  10:26  Stalker  
  140  10:27  Zealot x3  
  133  10:35  Stalker x3  
  97  10:48  Stalker x3  
  98  10:52  Stalker  
  96  10:59  Photon Cannon, Probe (Chrono Boost)  
  96  11:00  Probe (Chrono Boost)  
  96  11:01  Probe (Chrono Boost)  
  96  11:02  Probe (Chrono Boost)  
  100  11:10  Probe (Chrono Boost)  
  100  11:11  Probe (Chrono Boost)  
  103  11:12  Stalker x3  
  103  11:14  Probe (Chrono Boost)  
  103  11:17  Observer  
  104  11:27  Probe  
  104  11:30  Probe x3  
  104  11:31  Stalker x3  
  112  11:35  Stalker  
  112  11:39  Probe  
  115  11:42  Probe (Chrono Boost)  
  115  11:43  Probe (Chrono Boost)  
  115  11:44  Probe (Chrono Boost)  
  115  11:46  Stalker x3  
  124  11:48  Shield Battery  
  125  11:56  Stalker x3  
  125  11:57  Probe (Chrono Boost)  
  125  12:00  Probe x2 (Chrono Boost)  
  134  12:02  Probe (Chrono Boost)  
  134  12:04  Probe (Chrono Boost)  
  134  12:05  Stalker  
  134  12:06  Probe  
  136  12:11  Charge  
  136  12:14  Dark Templar x3  
  142  12:20  Zealot x3  
  140  12:32  Zealot  
  133  12:37  Assimilator, Probe x2  
  133  12:38  Assimilator  
  133  12:40  Photon Cannon  
  133  12:41  Stalker x3  
  133  12:43  Shield Battery  
  139  12:52  Stalker x4  
  139  12:55  Pylon  
  147  12:59  Pylon  
  147  13:03  Photon Cannon  
  147  13:06  Photon Cannon  
  147  13:18  Stalker x3  
  147  13:19  Stalker x4  
  141  13:30  Stalker x7, Pylon  
  133  13:45  Probe x2  
  133  13:47  Probe  
  136  13:49  Probe  
  136  13:52  Phoenix  
  139  13:55  Stalker x4  
  139  13:57  Probe  
  139  14:00  Pylon  
  139  14:01  Pylon  
  148  14:10  Probe  
  148  14:15  Dark Templar x3  
  124  14:25  Probe  
  124  14:26  Probe  
  124  14:27  Stalker x4  
  134  14:37  Probe  
  131  14:43  Probe x2  
  133  14:52  Probe x2  
  135  14:54  Stalker x6  
  147  15:00  Probe  
  147  15:01  Photon Cannon, Probe  
  147  15:04  Probe  
  149  15:07  Stalker  
  146  15:19  Stalker  
  146  15:23  Stalker x5  
  146  15:26  Probe x2  
  138  15:39  Stalker  
  128  15:48  Stalker x6  
  124  15:53  Probe x2  
  124  15:54  Probe  
  119  16:08  Stalker  
  102  16:12  Stalker x6  
Tags
 
Add a new tag
Caveats
  • Supply blocks, unpowered buildings, or Contaminate may cause inaccurate times.
  • Supply counts are checked every 10 seconds.